 Dungeon Sprint DCSS version 0.27-a0-1189-gb8eb6cee8e (webtiles) character file.

Game seed: 11989023169301318551

22565 mhtbhm the Sorcerer (level 12, 0/62 HPs)
             Began as a Deep Elf Fire Elementalist on May 22, 2021.
             Was the Champion of Vehumet.
             Slain by Donald
             ... wielding a +1 scimitar of freezing
              (2 damage)
             ... in the Dungeon (Sprint V: "Ziggurat Sprint").
             The game lasted 00:07:28 (1009 turns).

mhtbhm the Sorcerer (Deep Elf Fire Elementalist)    Turns: 1009, Time: 00:07:28

Health: 0/62       AC: 10    Str:  5    XL:     12   Next: 64%
Magic:  18/39      EV: 16    Int: 38    God:    Vehumet [******]
Gold:   0          SH:  8    Dex: 15    Spells: 32/54 levels left

rFire    + . .     SeeInvis .   C - +8 lance "Wyrmbane" {slay drac, rPois rF+ rC+ AC+3}
rCold    + + .     Faith    .   x - +0 buckler {rC+}
rNeg     . . .     Spirit   .   a - +2 robe {Archmagi}
rPois    +         Reflect  +   (no helmet)
rElec    .         Harm     .   s - +2 cloak {Stlth+}
rCorr    .         Rampage  .   (no gloves)
Will     +....     NoTele   +   (no boots)
Stlth    +++++.....             I - amulet of reflection
HPRegen  0.20/turn              u - +6 ring of intelligence
MPRegen  0.26/turn              v - +6 ring of intelligence

@: hasted, studying 2 skills, very quick
A: no striking features
a: Renounce Religion


You were in the Dungeon.
You worshipped Vehumet.
Vehumet was exalted by your worship.
You visited 1 branch

Inventory:

Hand Weapons
 C - the +8 lance "Wyrmbane" (weapon) {slay drac, rPois rF+ rC+ AC+3}
   (You found it in the Dungeon)

   It affects your AC (+3).
   It protects you from fire.
   It protects you from cold.
   It protects you from poison.
 E - the +9 staff of Wucad Mu {*channel}
   (You took it off a wight in the Dungeon)
Armour
 a - a +2 robe of the Archmagi (worn)
 s - a +2 cloak of stealth (worn)
 x - a +0 buckler of cold resistance (worn)
Jewellery
 u - a +6 ring of intelligence (left hand)
 v - a +6 ring of intelligence (right hand)
 w - a ring of wizardry
 D - a ring of magical power
 G - the ring of Immorality {+Blink rElec rC- Int+6 Dex+9}
   (You took it off a vault guard in the Dungeon)

   [ring of intelligence]

   It affects your intelligence (+6).
   It affects your dexterity (+9).
   It makes you vulnerable to cold.
   It insulates you from electricity.
   It lets you blink.
 I - an amulet of reflection (around neck)
 K - a ring of resist corrosion
Wands
 y - a wand of mindburst (7)
 z - a wand of iceblast (7)
 A - a wand of acid (6)
Scrolls
 h - 4 scrolls of blinking
 m - 4 scrolls of amnesia
 n - 7 scrolls of fog
 o - a scroll of holy word
 p - 5 scrolls of identify
 q - 2 scrolls of fear
 t - 4 scrolls of brand weapon
Potions
 b - 2 potions of brilliance
 c - 10 potions of curing
 d - 13 potions of heal wounds
 e - 5 potions of haste
 f - 6 potions of magic
 g - 3 potions of berserk rage
 i - 2 potions of invisibility
 j - 4 potions of resistance
 k - a potion of experience
 l - 5 potions of might
Miscellaneous
 r - a box of beasts
 B - a lightning rod (4/4)
 F - a phantom mirror
 H - a condenser vane


   Skills:
 + Level 1.8 Fighting
 + Level 10.3 Dodging
 + Level 10.2 Stealth
 + Level 21.8 Spellcasting
 + Level 15.2 Conjurations
 + Level 21.1 Fire Magic
 + Level 4.3 Evocations


You had 32 spell levels left.
You knew the following spells:

 Your Spells              Type           Power      Damage    Failure   Level
a - Foxfire               Conj/Fire      100%       2x1d9     0%          1
b - Conjure Flame         Conj/Fire      100%       6-21      0%          3
c - Inner Flame           Hex/Fire       100%       N/A       1%          3
d - Sticky Flame          Conj/Fire      100%       2d11      0%          4
e - Fireball              Conj/Fire      66%        3d25      0%          5
f - Iron Shot             Conj/Erth      49%        9d9       1%          6

Your spell library contained the following spells:

 Spells                   Type           Power      Damage    Failure   Level
 Lightning Bolt           Conj/Air       49%        1d70      1%          5
 Magic Dart               Conj           100%       1d8       0%          1
 Searing Ray              Conj           100%       3d7       0%          2
 Animate Skeleton         Necr           100%       N/A       1%          1
 Apportation              Tloc           100%       N/A       1%          1
 Freeze                   Ice            100%       1d11      1%          1
 Summon Small Mammal      Summ           100%       N/A       1%          1
 Call Imp                 Summ           58%        N/A       1%          2
 Wereblood                Tmut           58%        N/A       1%          2
 Dazzling Flash           Conj/Hex       100%       N/A       1%          3
 Frozen Ramparts          Ice            100%       1d12      1%          3
 Fulminant Prism          Conj/Hex       49%        3d21      1%          4
 Hailstorm                Conj/Ice       99%        3d19      1%          4
 Iskenderun's Mystic Bla  Conj/Tloc      99%        2d19      1%          4
 Bolt of Magma            Conj/Fire/Erth 58%        4d23      1%          5
 Lesser Beckoning         Tloc           29%        N/A       3%          3
 Ozocubu's Armour         Ice            58%        N/A       3%          3
 Summon Guardian Golem    Hex/Summ       58%        N/A       3%          3
 Tukima's Dance           Hex            58%        N/A       3%          3
 Animate Armour           Summ/Erth      100%       N/A       10%         4
 Cause Fear               Hex            29%        N/A       10%         4
 Dispel Undead            Necr           58%        3d21      10%         4
 Ice Form                 Ice/Tmut       58%        N/A       10%         4
 Leda's Liquefaction      Hex/Erth       29%        N/A       10%         4
 Summon Ice Beast         Ice/Summ       58%        N/A       10%         4
 Alistair's Intoxication  Tmut/Pois      38%        N/A       28%         5
 Hydra Form               Tmut           29%        N/A       28%         5
 Metabolic Englaciation   Hex/Ice        29%        N/A       28%         5
 Invisibility             Hex            58%        N/A       83%         6
 Shadow Creatures         Summ           N/A        N/A       83%         6
 Statue Form              Tmut/Erth      38%        N/A       83%         6
 Dragon Form              Tmut           29%        N/A       100%        7
 Borgnjor's Revivificati  Necr           29%        N/A       100%        8
 Infestation              Necr           29%        N/A       100%        8
 Necromutation            Tmut/Necr      29%        N/A       100%        8
 Death's Door             Necr           29%        N/A       100%        9
 Dragon's Call            Summ           29%        N/A       100%        9
 Shatter                  Erth           29%        3d24*     100%        9


Dungeon Overview and Level Annotations

Branches:
Dungeon (1/1)

Altars:
Ashenzari
Cheibriados
Dithmenos
Elyvilon
Fedhas
Gozag
Hepliaklqana
Kikubaaqudgha
Makhleb
Nemelex Xobeh
Okawaru
Qazlal
Ru
Sif Muna
Trog
Uskayaw
Vehumet
Wu Jian
Xom
Yredelemnul
Zin
The Shining One
Beogh
Jiyva
Lugonu

Annotations:
D Donald, Erica, Frances, Josephine, Psyche, Saint Roka


Message History

Saint Roka wields a +0 arbalest.
Saint Roka shoots a bolt.
The bolt hits you!
Donald is engulfed in blazing flames.
Donald says, "What kind of god gives you spells but not spellbooks?"
The soul eater draws from the surrounding life force!
Unknown command.
Unknown command.
Unknown command.
Unknown command.
You feel yourself speed up.
Frances is engulfed in blazing flames.
Josephine is engulfed in blazing flames.
Saint Roka is engulfed in noxious fumes.
Saint Roka says, "Down here, you're an orc or you're nobody."
Frances wonders, "What am I doing in here?"
Unknown command.
You feel much better.
Prince Ribbit is engulfed in blazing flames.
You kill Prince Ribbit!
Vehumet accepts your kill.
You feel your power returning.
Prince Ribbit returns to his original shape as he dies.
Donald hits you with a +1 scimitar of freezing!!
Donald freezes you.
Josephine is engulfed in blazing flames.
Unknown command.
Casting: Fireball (safe; 0% risk of failure)
Confirm with . or Enter, or press ? or * to list all spells.
Aiming: Sticky Flame (safe; 0% risk of failure)
Press: ? - help, Shift-Dir - straight line, f/p - Donald
Aim: Donald, wielding a +1 scimitar of freezing, wearing a +3 plate armour of fire resistance and wearing a +0 kite shield (severely wounded, fast, strong, 100% to hit)
You feel a surge of power!
The sticky flame hits Donald.
Donald resists.
Donald is severely wounded.
Donald is covered in liquid flames!
Donald burns!
Saint Roka is engulfed in noxious fumes.
Saint Roka calls down the wrath of Beogh upon you.
Beogh smites you!
* * * LOW HITPOINT WARNING * * *
Donald hits you with a +1 scimitar of freezing!
* * * LOW HITPOINT WARNING * * *
Donald freezes you.
You die...

▓........▓.
▓§§§§§§§○☼§.▓...©....▓.
▓§§§o§§§§§§§▓▓▓▓▓▓▓▓▓▓▓
▓§§§.§§@§.§§▓...8©8...▓
▓........3§§▓..).|....▓
▓...|§§§.@..▓...}[)...▓
..▓.○§§.▓..▓.........▓
▓.▓§§§▓.▓ ▓.........▓
▓..▓..@@.▓..▓.........▓
▓.....©.....▓.........▓
▓▓▓▓▓▓▓▓▓▓▓▓▓.........▓
▓....8©8....▓....©....▓
▓....||)||..▓▓▓▓▓▓▓▓▓▓▓
▓...).|}....▓...8©8...▓
▓...........▓..}†:)...▓
▓...........▓...[[....▓
▓...........▓.........▓


You could see Saint Roka, Frances (confused), Donald (fast, strong, burning),
Josephine and a soul eater (summoned).

Vanquished Creatures
  A lich (D)
  Kirke (D)
  Agnes (D)
  Aizul (D)
  3 stone giants (D)
  7 vault guards (D)
  A two-headed ogre (D)
  4 soul eaters (D)
  A spriggan (D)
  2 naga magi (D)
  A cane toad (D)
  A torpor snail (D)
  2 komodo dragons (D)
  A troll (D)
  A hornet (D)
  Prince Ribbit (D)
  A dream sheep (D)
  Eustachio (D)
  Sigmund (D)
  Grum (D)
  A basilisk (D)
  3 nagas (D)
  3 water moccasins (D)
  An orc warrior (D)
  2 black bears (D)
  2 ogres (D)
  6 wolves (D)
  Blork the orc (D)
  4 bullfrogs (D)
  2 wights (D)
  5 orc priests (D)
  Jessica (D)
  Crazy Yiuf (D)
  5 orc wizards (D)
  4 adders (D)
  A spectral adder (D)
  An adder skeleton (D)
  4 orcs (D)
  A spectral bat (D)
  A bat skeleton (D)
  A bat zombie (D)
  3 ball pythons (D)
  3 ball python zombies (D)
  2 giant cockroach zombies (D)
  A jackal zombie (D)
  A quokka skeleton (D)
  A quokka zombie (D)
94 creatures vanquished.

Vanquished Creatures (others)
  2 foxfires (D)
2 creatures vanquished.

Grand Total: 96 creatures vanquished

Notes
Turn   | Place    | Note
-------+----------+-------------------------------------------
     0 | D        | mhtbhm the Deep Elf Fire Elementalist began the quest for
                  | the Orb.
     0 | D        | Reached XP level 1. HP: 10/10 MP: 6/6
     0 | D        | Found a shimmering blue altar of Sif Muna.
     0 | D        | Found a bloodstained altar of Trog.
     0 | D        | Found a sacrificial altar of Ru.
     0 | D        | Found a stormy altar of Qazlal.
     0 | D        | Found an iron altar of Okawaru.
     1 | D        | Found a sparkling altar of Nemelex Xobeh.
     1 | D        | Found a blossoming altar of Fedhas.
     2 | D        | Found the +6 Majin-Bo {vamp, MP+6 Int+6}
     2 | D        | Found the +9 heavy crossbow "Sniper" {vorpal, Acc+∞ SInv}
     2 | D        | Found the +10 dark maul {vorpal}
     2 | D        | Found the +15 Maxwell's patent armour {-Cast -Tele rElec
                  | Will+ rCorr}
     2 | D        | Found the +18 shield of the Gong {rElec rN+ Will+ EV-5}
     2 | D        | Found the +14 obsidian axe {vorpal, Drain Fly SInv}
     2 | D        | Found the +7 great mace "Firestarter" {inner flame, rF++}
     2 | D        | Found the +6 shillelagh "Devastator" {shatter}
     2 | D        | Found the +11 plutonium sword {Contam Stlth-}
     2 | D        | Found the +8 lance "Wyrmbane" {slay drac, rPois rF+ rC+
                  | AC+3}
     2 | D        | Found the +9 sword of Zonguldrok {reap}
     2 | D        | Found the +13 scythe of Curses {drain, Drain}
     2 | D        | Found the +5 sword of Power {vorpal}
     2 | D        | Found the +7 mace of Variability {chain chaos}
     2 | D        | Found the +7 Singing Sword {vorpal, sonic wave}
     2 | D        | Found the +8 storm bow {elec, penet}
     3 | D        | Found a transporter.
     3 | D        | Found an ancient bone altar of Kikubaaqudgha.
     3 | D        | Found a viscous altar of Jiyva.
     3 | D        | Found a corrupted altar of Lugonu.
     3 | D        | Found a hazy altar of Hepliaklqana.
     3 | D        | Found a burning altar of Makhleb.
     3 | D        | Found an opulent altar of Gozag.
    35 | D        | Became a worshipper of Vehumet
    55 | D        | Entered arena 2.
    55 | D        | Noticed a bullfrog
    55 | D        | Noticed a wolf
    55 | D        | Found a transporter.
    56 | D        | Killed a bullfrog
    57 | D        | Reached skill level 5 in Spellcasting
    57 | D        | Reached XP level 2. HP: 15/15 MP: 7/10
    57 | D        | Reached XP level 3. HP: 19/19 MP: 7/11
    58 | D        | Killed a wolf
    59 | D        | Reached XP level 4. HP: 15/24 MP: 6/14
    59 | D        | Reached XP level 5. HP: 18/28 MP: 6/16
   173 | D        | Learned a level 3 spell: Conjure Flame
   177 | D        | Learned a level 3 spell: Inner Flame
   182 | D        | Learned a level 4 spell: Sticky Flame
   188 | D        | Learned a level 5 spell: Fireball
   190 | D        | Entered arena 3.
   190 | D        | Found a transporter.
   191 | D        | Reached * piety under Vehumet
   191 | D        | Offered knowledge of Sandblast by Vehumet.
   192 | D        | Reached skill level 5 in Dodging
   192 | D        | Reached skill level 5 in Stealth
   193 | D        | Reached skill level 10 in Fire Magic
   283 | D        | Entered arena 4.
   283 | D        | Noticed Sigmund
   283 | D        | Noticed Jessica
   283 | D        | Noticed Blork the orc
   283 | D        | Noticed Crazy Yiuf
   283 | D        | Found a transporter.
   284 | D        | Killed Jessica
   284 | D        | Reached ** piety under Vehumet
   285 | D        | Killed Crazy Yiuf
   285 | D        | Killed Sigmund
   285 | D        | Killed Blork the orc
   286 | D        | Reached XP level 6. HP: 32/32 MP: 10/20
   344 | D        | Entered arena 5.
   344 | D        | Noticed a troll
   344 | D        | Noticed a two-headed ogre
   344 | D        | Found a transporter.
   346 | D        | Offered knowledge of Shock by Vehumet.
   346 | D        | Reached *** piety under Vehumet
   346 | D        | Killed a troll
   346 | D        | Killed a two-headed ogre
   347 | D        | Reached skill level 1 in Evocations
   347 | D        | Reached XP level 7. HP: 36/36 MP: 18/24
   347 | D        | Reached XP level 8. HP: 41/41 MP: 18/25
   430 | D        | Entered arena 6.
   430 | D        | Found a transporter.
   431 | D        | Reached **** piety under Vehumet
   463 | D        | Learned a level 6 spell: Iron Shot
   467 | D        | Entered arena 7.
   468 | D        | Reached ***** piety under Vehumet
   469 | D        | Reached skill level 15 in Fire Magic
   470 | D        | Found a transporter.
   498 | D        | Entered arena 8.
   499 | D        | Offered knowledge of Dazzling Flash by Vehumet.
   499 | D        | Reached ****** piety under Vehumet
   500 | D        | Found a transporter.
   509 | D        | Got the ring of Hoar {Ice rElec Will+ Int-2}
   519 | D        | Entered arena 9.
   520 | D        | Found the +8 demon trident "Rift" {distort, reach+}
   522 | D        | Found a transporter.
   546 | D        | Entered arena 10.
   546 | D        | Noticed a spriggan rider
   548 | D        | Reached skill level 5 in Conjurations
   548 | D        | Reached XP level 9. HP: 45/45 MP: 27/27
   548 | D        | Killed a spriggan rider
   550 | D        | Found a transporter.
   564 | D        | Got the Almanac of Creative Snow
   595 | D        | Entered arena 11.
   595 | D        | Noticed a naga mage
   595 | D        | Noticed a naga mage
   597 | D        | Killed a naga mage
   599 | D        | Reached XP level 10. HP: 50/50 MP: 20/30
   600 | D        | Killed a naga mage
   601 | D        | Found a transporter.
   668 | D        | Got Tethrequ's Incunabulum of the Escort
   685 | D        | Entered arena 12.
   685 | D        | Noticed a cane toad
   686 | D        | Offered knowledge of Ignite Poison by Vehumet.
   686 | D        | Noticed a torpor snail
   688 | D        | Killed a cane toad
   689 | D        | Reached skill level 15 in Spellcasting
   691 | D        | Killed a torpor snail
   693 | D        | Found a transporter.
   727 | D        | Entered arena 13.
   727 | D        | Noticed a vault guard
   727 | D        | Noticed a vault guard
   727 | D        | Noticed a vault guard
   727 | D        | Noticed a stone giant
   727 | D        | Noticed a vault guard
   728 | D        | Noticed a stone giant
   728 | D        | Noticed a lich
   728 | D        | Noticed a stone giant
   729 | D        | Noticed a vault guard
   730 | D        | Identified the ring of Immorality {+Blink rElec rC- Int+6
                  | Dex+9}
   730 | D        | Noticed a vault guard
   730 | D        | Noticed a vault guard
   731 | D        | Killed a vault guard
   731 | D        | Killed a stone giant
   732 | D        | Reached skill level 10 in Conjurations
   732 | D        | Reached XP level 11. HP: 54/54 MP: 4/33
   733 | D        | Killed a vault guard
   733 | D        | Killed a stone giant
   734 | D        | Killed a stone giant
   734 | D        | Killed a vault guard
   735 | D        | Killed a lich
   735 | D        | Killed a vault guard
   736 | D        | Reached skill level 10 in Dodging
   736 | D        | Killed a vault guard
   737 | D        | Reached skill level 1 in Fighting
   737 | D        | Killed a vault guard
   738 | D        | Reached skill level 10 in Stealth
   738 | D        | Killed a vault guard
   739 | D        | Reached XP level 12. HP: 37/60 MP: 30/38
   853 | D        | Found a transporter.
   882 | D        | Entered arena 14.
   884 | D        | Offered knowledge of Lightning Bolt by Vehumet.
   951 | D        | Found a transporter.
   958 | D        | Got the Compendium of Shape Shifting and Calling
   961 | D        | Got Tyvvauh's Catalogue of Evil and Clay
   996 | D        | Entered arena 15.
   997 | D        | Noticed Kirke
   997 | D        | Noticed Prince Ribbit
   997 | D        | Noticed Aizul
   997 | D        | Noticed Agnes
   997 | D        | Noticed Psyche
   997 | D        | Noticed Josephine
   999 | D        | Noticed Donald
   999 | D        | Noticed Saint Roka
   999 | D        | Noticed Erica
  1000 | D        | Identified the +8 plate armour of the Beginning {Slay+2}
  1000 | D        | Noticed Grum
  1002 | D        | Killed Kirke
  1002 | D        | Killed Agnes
  1002 | D        | Noticed Eustachio
  1003 | D        | Noticed Frances
  1003 | D        | Killed Aizul
  1004 | D        | Reached skill level 15 in Conjurations
  1004 | D        | Killed Eustachio
  1004 | D        | Killed Grum
  1008 | D        | Killed Prince Ribbit
  1009 | D        | HP: 2/62 [Donald/+1 scimitar of freezing (12)]
  1009 | D        | Slain by Donald

Illustrated notes

Levels and vault maps discovered:
D:        sprint_v [room_start, room_1, room_2, room_3, room_4, room_5, room_6,
          room_7, room_8, room_9, room_10, room_11, room_12, room_13, room_14,
          room_15, room_16, room_17, room_18, room_19, room_20, room_21,
          room_22, room_23, room_24, room_25, room_26, room_27]

Skill      XL: |  1  2  3  4  5  6  7  8  9 10 11 12 |
---------------+-------------------------------------+-----
Dodging        | 4 6 8 9 10 | 10.3
Stealth        | 3 4 6 8 9 10 | 10.2
Spellcasting   | 5 6 9 11 12 14 16 20 21 | 21.8
Fire Magic     | 7 8 12 14 16 17 18 20 21 | 21.1
Conjurations   | 3 4 5 6 10 13 15 | 15.2
Evocations     | 1 2 3 4 |  4.3
Fighting       | 1 |  1.8

Action                   |  1- 3 |  4- 6 |  7- 9 | 10-12 || total
-------------------------+-------+-------+-------+-------++-------
 Cast: Foxfire           |     1 |       |       |       ||     1
       Fireball          |       |     5 |    12 |    30 ||    47
       Sticky Flame      |       |       |       |     1 ||     1
Evoke: Wand              |     1 |       |       |       ||     1
       Lightning rod     |       |     1 |       |       ||     1
       Condenser vane    |       |       |       |     2 ||     2
  Use: Potion            |       |       |       |     3 ||     3
Dodge: Dodged            |     2 |       |       |     3 ||     5

Table legend: (Time is in decaauts)
 A = Elapsed time spent in this place.
 B = Non-inter-level travel time spent in this place.
 C = Inter-level travel time spent in this place.
 D = Time resting spent in this place.
 E = Time spent auto-exploring this place.
 F = Levels seen in this place.
 G = Mean time per level.
                   A        B        C        D        E       F      G
               +--------+--------+--------+--------+--------+-----+--------+
         Total |   1009 |   1009 |      0 |    511 |      0 |   1 | 1009.0 |
       Dungeon |   1009 |   1009 |      0 |    511 |      0 |   1 | 1009.0 |
               +--------+--------+--------+--------+--------+-----+--------+

Top non-repeatable levels by time:
       D: 1009 daAuts
